AoeStats
← HR Pinkman

Arabia

508758056Analyzed
1v1 RM · 8d ago on Sep 23, 2026· 50m 17s· 2 players
Game mode
Random Map
Map size
Tiny (2 player)
Population
200
Speed
Normal
Resources
Standard
Victory
Conquest
Starting age
Dark Age
Ending age
Imperial Age
RankedLock teamsTeams togetherTeam positionsShared explorationLock speedFull tech treeHidden civsTurbo modeCheats
Victory
Defeat
🇦🇷 Vikings · Argentina
2054
+22
🇨🇱 Jurchens · Chile
2181
-22
Buchi
5:54 Loom
8:59 Feudal Age
9:17 Man-at-Arms
14:06 Fletching
18:06 Double-Bit Axe
22:27 Castle Age
20:46 Padded Archer Armor
22:30 Crossbowman
23:05 Bodkin Arrow
24:17 Ballistics
28:40 Bow Saw
29:03 Leather Archer Armor
31:50 Horse Collar
39:53 Imperial Age
38:44 Heavy Plow
39:06 Town Watch
39:53 Arbalester
40:47 Bracer
43:02 Ring Archer Armor
42:26 Guard Tower
43:39 Chemistry
43:42 Murder Holes
44:50 Conscription
44:40 Scale Mail Armor
47:07 Crop Rotation
47:38 Two-Man Saw
47:14 Chain Mail Armor
48:26 Plate Mail Armor
48:06 Forging
48:15 Squires
HR Pinkman
6:43 Loom
9:14 Feudal Age
9:47 Double-Bit Axe
20:52 Castle Age
19:14 Fletching
21:12 Horse Collar
21:29 Bodkin Arrow
24:01 Bow Saw
25:44 Padded Archer Armor
38:09 Elite Skirmisher
38:38 Town Watch
39:28 Wheelbarrow
40:53 Bloodlines
40:44 Husbandry
41:39 Ballistics
44:45 Leather Archer Armor
47:49 Imperial Age
47:14 Hand Cart
48:32 Bracer
50:03 Chemistry
Connection lost

Rejoining the realm…

Still unreachable

The connection could not be restored.

Session expired

The server has moved on; the page needs a fresh start.